Map: Hecate LE

Players

Subwayeatn - Winner!

  • Race: Zerg Zerg
  • League: Diamond
  • Spawn Location: 1:00

CareAgain

  • Race: Terran Terran
  • League: Diamond
  • Spawn Location: 7:00

VOD

Have the link to the VOD?

Description

Time

  • Played on: Nov. 14, 2023, 10:56 a.m.
  • Length: 21:56
Show
View Real Time Build Order
Export as new Build Order

Subwayeatn Zerg - Winner!

Build Orders: Hatch First, Lurkers 

Get SALT Encoding   

  12  0:00  Drone  
  13  0:12  Overlord  
  13  0:19  Drone  
  14  0:31  Drone x2  
  16  0:49  Hatchery  
  15  0:55  Drone  
  15  0:56  Drone  
  17  0:59  Drone  
  17  1:02  Extractor  
  17  1:16  Spawning Pool  
  17  1:18  Drone  
  17  1:21  Drone  
  18  1:28  Drone  
  19  1:39  Drone  
  20  1:50  Overlord  
  20  2:04  Zergling x4  
  20  2:05  Queen x2  
  26  2:13  Metabolic Boost  
  26  2:15  Zergling x2  
  27  2:18  Drone  
  28  2:33  Drone x3  
  31  2:41  Baneling Nest  
  30  2:44  Queen  
  30  2:47  Queen  
  34  2:51  Drone  
  34  2:53  Drone  
  36  3:06  Overlord  
  35  3:40  Overlord  
  35  3:41  Drone x6  
  35  3:46  Lair, Extractor  
  35  3:48  Extractor  
  39  3:50  Overlord  
  39  3:53  Drone x4  
  43  4:05  Drone x4  
  47  4:16  Drone x2  
  49  4:18  Overlord x3, Evolution Chamber  
  49  4:22  Evolution Chamber  
  49  4:31  Drone x4  
  49  4:36  Drone  
  52  4:43  Drone  
  53  4:48  Spore Crawler  
  53  4:50  Zerg Melee Weapons Level 1  
  53  4:51  Zerg Ground Armor Level 1  
  52  4:55  Drone  
  52  4:56  Hatchery, Hydralisk Den  
  52  4:58  Centrifugal Hooks  
  51  5:09  Queen  
  51  5:10  Overlord  
  51  5:11  Zergling x2  
  51  5:12  Zergling x2  
  55  5:14  Zergling x4  
  57  5:22  Zergling x2  
  57  5:23  Zergling x8  
  62  5:30  Drone  
  62  5:31  Drone  
  62  5:32  Drone x2, Extractor  
  65  5:43  Hydralisk x2  
  69  5:58  Drone x6  
  75  6:16  Hydralisk  
  75  6:17  Hydralisk x4  
  85  6:26  Overseer  
  85  6:27  Queen  
  85  6:29  Drone x2  
  85  6:31  Overlord  
  85  6:32  Overlord  
  89  6:34  Overlord  
  89  6:37  Grooved Spines  
  89  6:45  Zerg Missile Weapons Level 1  
  89  6:56  Hydralisk x6, Zergling x2  
  89  7:00  Baneling x8  
  102  7:01  Baneling  
  102  7:03  Overlord, Queen  
  102  7:05  Drone  
  105  7:17  Extractor  
  105  7:18  Zerg Melee Weapons Level 2  
  101  7:28  Muscular Augments  
  84  7:43  Zergling x2  
  81  7:44  Zergling x34  
  81  7:45  Zergling x4  
  81  7:48  Pneumatized Carapace  
  94  8:06  Baneling  
  90  8:13  Baneling x5  
  90  8:14  Baneling x15  
  90  8:15  Zergling x2  
  90  8:16  Zergling x12  
  97  8:20  Hydralisk x2  
  97  8:24  Hydralisk  
  103  8:27  Overlord x3  
  103  8:42  Zerg Missile Weapons Level 2  
  103  8:46  Drone x6  
  103  8:47  Drone x4  
  113  8:51  Hatchery  
  113  8:53  Drone  
  91  9:16  Hydralisk  
  91  9:17  Hydralisk x9  
  100  9:24  Extractor  
  100  9:29  Zergling x18  
  108  9:37  Lurker Den  
  107  9:47  Overlord x2  
  107  9:48  Overseer  
  107  9:49  Overseer  
  107  9:54  Baneling  
  107  9:55  Baneling x13  
  107  9:56  Baneling  
  107  9:58  Zergling x12  
  107  9:59  Zergling x10  
  118  10:23  Infestation Pit  
  118  10:26  Zergling x2  
  118  10:27  Zergling x2  
  119  10:36  Zergling x2  
  119  10:37  Zergling x30  
  119  10:41  Baneling  
  119  10:42  Baneling x19  
  135  10:43  Baneling  
  135  10:44  Queen  
  135  10:46  Overlord  
  135  10:48  Overlord  
  137  10:57  Zergling x8  
  112  11:36  Hydralisk  
  112  11:38  Zergling x2  
  112  11:39  Zergling x32  
  89  12:16  Zergling x2  
  89  12:17  Zergling x16  
  96  12:36  Hatchery  
  95  12:37  Extractor  
  95  12:38  Hatchery  
  95  12:40  Drone  
  95  12:41  Drone x10, Extractor  
  95  12:42  Extractor  
  90  13:12  Baneling  
  90  13:13  Baneling x16  
  90  13:22  Drone x5  
  90  13:25  Drone x9  
  101  13:44  Overseer  
  101  13:57  Drone x7  
  101  13:58  Drone x7  
  115  14:03  Zergling x2  
  115  14:04  Queen  
  115  14:06  Queen  
  120  14:10  Hive  
  120  14:26  Drone x3  
  120  14:27  Drone  
  120  14:30  Drone x2  
  125  14:38  Lurker x4  
  126  14:39  Lurker x2  
  126  14:44  Infestor x2  
  126  14:45  Infestor x2  
  139  14:48  Zergling x2  
  139  14:49  Zergling x20  
  150  15:10  Overlord  
  150  15:11  Overlord x3  
  150  15:26  Overlord x2  
  150  15:29  Zerg Missile Weapons Level 3  
  150  15:31  Seismic Spines  
  150  15:36  Extractor  
  150  15:38  Extractor  
  148  15:49  Zergling x2  
  149  15:50  Zergling x2  
  149  15:51  Zergling x2  
  150  15:59  Drone x2  
  150  16:00  Drone  
  149  16:06  Hydralisk  
  149  16:07  Hydralisk x15  
  149  16:10  Zergling x2  
  149  16:11  Zergling x14  
  177  16:22  Zergling x12  
  172  16:28  Adaptive Talons  
  172  16:32  Zerg Melee Weapons Level 3  
  145  16:37  Zergling x2  
  145  16:38  Zergling x14  
  123  17:05  Hatchery  
  107  17:12  Zergling x28  
  107  17:13  Zergling x16  
  121  17:33  Overlord  
  121  17:34  Zergling x2  
  121  17:35  Zergling x12  
  128  17:39  Hatchery  
  102  18:01  Hydralisk x11  
  102  18:02  Hydralisk x6  
  133  18:05  Zerg Ground Armor Level 2  
  133  18:25  Drone x11  
  144  18:40  Hydralisk  
  144  18:41  Hydralisk x14  
  174  18:54  Adrenal Glands  
  174  18:55  Neural Parasite, Extractor x2  
  172  19:00  Queen  
  172  19:01  Queen  
  176  19:03  Drone x3  
  176  19:04  Drone x3  
  176  19:07  Drone x8  
  122  19:44  Hydralisk x11  
  122  19:45  Hydralisk x8  
  144  19:48  Zergling x10  
  144  19:49  Zergling x2  
  144  20:08  Baneling  
  144  20:09  Baneling x11  
  144  20:10  Zergling x6  
  144  20:11  Zergling x32  
  163  20:22  Drone  
  163  20:23  Drone x2  
  163  20:24  Drone x2  
  167  20:42  Zergling x8  
  171  20:43  Zergling x6  
  173  20:56  Zergling x8  
  158  20:57  Zergling x14  
  158  20:58  Zergling x32  
  150  21:22  Hatchery  
  140  21:35  Zergling x22  
  140  21:36  Zergling x28  
  162  21:45  Extractor  
  156  21:47  Hatchery  
  156  21:48  Extractor  
Show
View Real Time Build Order
Export as new Build Order

CareAgain Terran 

Build Orders:  

Get SALT Encoding   

  12  0:00  SCV  
  13  0:13  SCV  
  14  0:19  Supply Depot  
  14  0:27  Refinery, SCV  
  15  0:43  Barracks  
  15  0:45  SCV  
  16  1:01  Barracks  
  16  1:02  SCV  
  17  1:14  SCV  
  18  1:26  SCV  
  18  1:30  Reaper  
  20  1:36  Supply Depot  
  20  1:38  Orbital Command  
  20  1:48  Reaper  
  21  2:03  Reaper  
  21  2:06  SCV  
  23  2:16  Command Center  
  23  2:18  SCV  
  24  2:34  Barracks Reactor  
  24  2:38  Marine  
  24  2:40  SCV  
  26  2:45  Factory  
  26  2:52  Barracks, SCV  
  26  2:55  Barracks  
  26  2:57  Marine  
  28  3:04  SCV  
  29  3:15  Supply Depot  
  29  3:16  SCV  
  30  3:27  Marine x3  
  33  3:35  SCV x2  
  33  3:39  Widow Mine  
  37  3:45  Refinery  
  37  3:46  Barracks Tech Lab  
  37  3:47  SCV, Barracks Reactor  
  37  3:48  Barracks Tech Lab  
  38  3:49  Marine x2  
  40  4:08  Marine x4  
  44  4:16  Stimpack  
  44  4:17  SCV x2  
  46  4:25  Marine x3  
  46  4:26  Marine  
  46  4:29  SCV  
  51  4:35  Engineering Bay  
  51  4:36  Engineering Bay  
  51  4:37  Marauder  
  53  4:48  Supply Depot  
  53  4:51  SCV  
  54  4:55  Orbital Command  
  54  5:09  Marine x2  
  54  5:10  Marauder, SCV  
  54  5:12  Supply Depot  
  59  5:16  Terran Infantry Weapons Level 1  
  59  5:17  Terran Infantry Armor Level 1  
  59  5:22  SCV  
  59  5:25  SCV  
  59  5:28  Refinery, Starport  
  61  5:34  SCV  
  62  5:40  SCV  
  63  5:43  Marauder x2, Marine x3  
  70  5:52  Supply Depot  
  70  5:55  Marine, SCV  
  70  5:56  Combat Shield  
  72  5:58  Concussive Shells  
  71  6:13  Widow Mine  
  71  6:14  Marine x2  
  71  6:15  Marine x4  
  77  6:25  Medivac  
  79  6:32  Marine  
  80  6:33  Command Center  
  80  6:39  Factory Tech Lab  
  80  6:47  Marine  
  80  6:48  Marine x4  
  85  7:14  Armory  
  85  7:15  Marine  
  86  7:22  Marine  
  86  7:23  Marine x4, Siege Tank, Medivac  
  86  7:26  Barracks x2  
  71  7:33  Marine  
  62  7:40  Marine  
  62  7:41  Marine x4  
  64  7:51  Marine  
  65  7:53  Medivac  
  65  7:58  Marine  
  61  8:00  Marine x3  
  61  8:01  Marine  
  63  8:08  Marine  
  63  8:12  Terran Infantry Weapons Level 2  
  60  8:19  Marauder x2, SCV x3  
  67  8:21  Refinery  
  67  8:27  Terran Infantry Armor Level 2  
  67  8:31  Marine, SCV x3  
  67  8:32  Marine x5  
  76  8:40  Marine x2  
  78  8:43  SCV x3  
  81  8:49  Marine x2, Siege Tank  
  81  8:52  Marine x2  
  89  8:55  SCV x2  
  89  8:56  SCV  
  89  8:57  Marine x2  
  70  9:19  Marine x4  
  70  9:20  Marine x3  
  77  9:31  Siege Tank  
  80  9:37  Marine  
  81  9:59  Medivac x2  
  85  10:00  Supply Depot  
  85  10:01  Marine  
  85  10:02  Marine x5  
  85  10:03  SCV  
  85  10:04  SCV  
  93  10:08  Terran Vehicle Weapons Level 1  
  93  10:14  Supply Depot  
  93  10:20  Marine x6  
  93  10:21  SCV  
  100  10:23  Supply Depot  
  100  10:24  Siege Tank  
  103  10:31  Terran Infantry Weapons Level 3  
  103  10:33  Factory  
  103  10:38  Marine x2, SCV x3  
  103  10:42  Barracks Tech Lab  
  108  10:44  Marauder x2  
  108  10:45  Marine  
  113  10:50  SCV x3  
  113  10:55  Liberator  
  113  10:56  Marine  
  123  10:58  Marine  
  123  11:02  SCV  
  125  11:10  Supply Depot  
  125  11:12  Marine, Liberator  
  125  11:17  Marine x2, Siege Tank, SCV x2  
  125  11:19  Marine x3  
  104  11:34  Marine  
  75  12:09  Marine x5  
  75  12:12  Factory Tech Lab, Siege Tank  
  75  12:15  Starport Reactor  
  83  12:27  Marine x5  
  88  12:42  SCV x2  
  88  12:44  Siege Tank  
  93  12:45  Marine x3  
  94  12:54  SCV x2  
  67  13:06  SCV x2  
  67  13:10  Siege Tank  
  67  13:20  Marine x3  
  69  13:42  Medivac x2  
  73  13:54  Siege Tank x2  
  73  13:55  Marine x3  
  79  13:56  Marine x2  
  84  14:04  Terran Vehicle And Ship Armor Level 1  
  84  14:17  SCV x3  
  87  14:26  Liberator  
  87  14:29  SCV x3  
  93  14:41  SCV  
  94  15:15  Siege Tank x2  
  94  15:16  Marine x4  
  94  15:19  SCV  
  105  15:29  Marauder  
  107  15:38  SCV x3  
  110  15:50  SCV  
  101  16:22  Marine x5  
  104  16:37  Siege Tank x2  
  104  16:39  Marine  
  110  16:40  Marine x3  
  93  17:08  Marine x5  
  85  17:18  Ghost Academy  
  85  17:23  Liberator  
  85  17:25  Marine  
  85  17:26  Marine x4  
  93  17:43  Refinery, Marine  
  93  17:44  Marine x2  
  71  18:02  SCV x2  
  73  18:10  Siege Tank  
  73  18:11  Siege Tank  
  79  18:14  SCV, Medivac  
  83  18:27  SCV  
  83  18:28  Medivac  
  83  18:29  Marine x3  
  83  18:30  Marine x2  
  90  18:39  Orbital Command  
  90  18:45  Missile Turret  
  90  18:47  Marine x4  
  90  18:48  Marine  
  95  18:55  SCV x2  
  97  19:05  Marine  
  97  19:08  SCV x2  
  100  19:12  Marine  
  54  19:42  Marine x5  
  58  19:56  SCV x2  
  60  20:00  Marine x5  
  65  20:08  SCV x2  
  65  20:10  SCV  
  68  20:17  Marine  
  68  20:18  Marine x4  
  68  20:20  SCV  
  74  20:24  Siege Tank x2  
  80  20:35  Marine  
  80  20:36  Starport Reactor, Marine x4  
  85  20:53  Marine  
  85  20:54  Marine x2  
  39  21:23  SCV x2  
  41  21:35  SCV x2  
Tags
 
Composition
Lurkers
Matchup
TvZ
Replay Pack
2025 replay dump
Spawn Locations
Cross Positions
Add a new tag
Caveats
  • Supply blocks, unpowered buildings, or Contaminate may cause inaccurate times.
  • Supply counts are checked every 10 seconds.